 Dungeon Crawl Stone Soup version 0.23.2-1-ga50397a (webtiles) character file.

Game seed: 652442333513673289

12292 Borgoz the Carver (level 11, -14/92 (94) HPs)
             Began as a Minotaur Berserker on May 26, 2019.
             Was a High Priest of Trog.
             Killed from afar by an electric eel (18 damage)
             ... with a bolt of electricity
             ... on level 10 of the Dungeon.
             The game lasted 00:24:16 (7816 turns).

Borgoz the Carver (Minotaur Berserker)              Turns: 7816, Time: 00:24:17

HP:   -14/92 (94)   AC:  7    Str: 28    XL:     11   Next: 60%
MP:   10/10         EV: 17    Int:  4    God:    Trog [*****.]
Gold: 598           SH:  0    Dex: 13    Spells: 10/10 levels left

rFire    + . .     SeeInvis .   a - +0 great sword
rCold    + . .     Gourm    .   (shield currently unavailable)
rNeg     . . .     Faith    .   i - +0 troll leather armour {Purgy}
rPois    .         Spirit   .   (helmet restricted)
rElec    .         Reflect  .   h - scarf {rC+ rF+}
rCorr    .         Harm     .   x - +0 pair of gloves
MR       .....                  (no boots)
Stlth    +.........             (no amulet)
HPRegen  0.65/turn              K - +2 ring of strength
MPRegen  0.12/turn              q - +4 ring of strength

@: no status effects
A: retaliatory headbutt, horns 2
a: Berserk, Trog's Hand, Brothers in Arms, Renounce Religion


You were on level 10 of the Dungeon.
You worshipped Trog.
Trog was extremely pleased with you.
You were not hungry.

You visited 2 branches of the dungeon, and saw 11 of its levels.
You also visited: Sewer.

You collected 598 gold pieces.

Inventory:

Hand Weapons
 a - a +0 great sword (weapon)
 I - a +3 antimagic triple sword
Missiles
 r - 2 throwing nets (quivered)
Armour
 h - a scarf of resistance (worn)
 i - a +0 troll leather armour (worn) {Purgy}
 u - a +1 scale mail
 x - a +0 pair of gloves (worn)
Jewellery
 f - an uncursed ring of see invisible
 q - a +4 ring of strength (right hand)
 t - a +6 ring of intelligence
 K - a +2 ring of strength (left hand)
Wands
 C - a wand of acid (18)
 E - a wand of iceblast (10)
 F - a wand of flame (11)
Scrolls
 d - 10 scrolls of teleportation
 e - 2 scrolls of fear
 g - a scroll of fog
 j - 6 scrolls of remove curse
 m - a scroll of identify
 y - a scroll of blinking
 A - a scroll of silence {unknown}
 B - 2 scrolls of enchant weapon
 D - 2 scrolls of immolation
 H - 4 scrolls of enchant armour
Potions
 b - 6 potions of magic
 k - 5 potions of might
 l - 2 potions of mutation
 n - a potion of flight
 o - 2 potions of heal wounds
 p - a potion of resistance
 s - 2 potions of brilliance
 v - 3 potions of lignification
 w - 2 potions of haste
 z - 6 potions of curing
 J - a potion of berserk rage
Comestibles
 c - 23 rations


   Skills:
 + Level 7.8 Fighting
 * Level 14.6 Long Blades
 + Level 10.6 Armour
 + Level 9.8 Dodging
 + Level 1.2 Stealth
 + Level 1.2 Evocations


You had 10 spell levels left.
You didn't know any spells.
Your spell library was empty.

Dungeon Overview and Level Annotations

Branches:
Dungeon (10/15)            Temple (1/1) D:5            Lair (0/6) D:10
    Orc: D:9-12

Altars:
Ashenzari
Cheibriados
Dithmenos
Elyvilon
Fedhas
Gozag
Hepliaklqana
Kikubaaqudgha
Makhleb
Nemelex Xobeh
Okawaru
Qazlal
Ru
Sif Muna
Trog
Uskayaw
Vehumet
Wu Jian
Xom
Yredelemnul
Zin
The Shining One


Innate Abilities, Weirdness & Mutations

You reflexively headbutt those who attack you in melee.
You have a pair of horns on your head.


Message History

You are too injured to fight recklessly!
You are too injured to fight recklessly!
You are too injured to fight recklessly!
You are too injured to fight recklessly!
The electric eel shoots out a bolt of lightning at you!
The bolt of electricity hits you!
The electric eel shoots out a bolt of lightning at you!
The bolt of electricity hits you.
The electric eel shoots out a bolt of lightning at you!
The bolt of electricity hits the electric eel.
The electric eel completely resists.
The bolt of electricity hits you!
* * * LOW HITPOINT WARNING * * *
The electric eel shoots out a bolt of lightning at you!
The bolt of electricity hits you!
* * * LOW HITPOINT WARNING * * *
The electric eel shoots out a bolt of lightning at you!
The bolt of electricity hits the wolf!
The bolt of electricity hits you!
* * * LOW HITPOINT WARNING * * *
The bolt of electricity hits you!!
You die...

.. ... ###.##..#
#.......### #
#.........### #
#........... .###
######.#.....#.# #....
...............# #.###
.............# #
≈.≈.....@#..##### #.# #
≈.≈.....h#.>....# #.###
≈≈≈.≈.h.h#....### #.#..
≈;.≈;≈≈†.##...# #.#.#
≈≈;≈≈h...#....#######....
≈≈≈≈≈≈.....##.......#.###
≈.≈.≈≈≈≈..(......##.#.# #
....≈≈≈..###.#.#.##...###
.>.≈.≈≈............##[.<.


You could see 2 wolves, 2 hounds and 3 electric eels.

Vanquished Creatures
  A two-headed ogre (D:8)
  Pikel (D:6)
  A hornet (shapeshifter) (D:9)
  A hornet (D:7)
  A hippogriff (D:6)
  A soldier ant (D:9)
  2 slaves (D:6)
  2 water moccasins
  A black bear (D:9)
  3 phantoms
  Purgy (Sewer)
  6 ice beasts
  9 ogres
  2 necrophages
  A wolf (D:10)
  2 centaurs
  3 bullfrogs
  3 scorpions
  4 killer bees (D:9)
  3 howler monkeys
  4 crimson imps
  3 jellies
  10 orc wizards
  A bullfrog zombie (D:6)
  4 bullfrog skeletons
  2 gnoll shamans (D:4)
  5 orc priests
  5 hounds
  A centaur skeleton (D:5)
  2 iguanas
  5 worker ants
  A hound zombie (D:7)
  3 hound skeletons
  A worker ant zombie (D:9)
  13 adders
  37 gnolls (D:4)
  2 shadow imps
  An ooze (D:3)
  2 adder skeletons
  An adder zombie (D:6)
  2 worms
  A dart slug (D:1)
  4 leopard geckos
  21 orcs
  7 giant cockroaches
  6 goblins
  11 hobgoblins
  18 jackals (D:4)
  7 kobolds
  2 quokkas
  2 ball pythons (Sewer)
  7 bats (D:1)
  7 frilled lizards
  A goblin skeleton (D:6)
  A goblin zombie (D:6)
  3 hobgoblin zombies (D:6)
  A kobold zombie (D:6)
  An orc skeleton (D:6)
  An orc zombie (D:6)
  A quokka zombie (D:6)
  7 rats
262 creatures vanquished.

Vanquished Creatures (others)
  Joseph (D:7)
  A centaur zombie (D:7)
  A quokka (D:9)
3 creatures vanquished.

Grand Total: 265 creatures vanquished

Notes
Turn   | Place    | Note
-------+----------+-------------------------------------------
     0 | D:1      | Borgoz the Minotaur Berserker began the quest for the Orb.
     0 | D:1      | Reached XP level 1. HP: 19/19 MP: 0/0
   106 | D:1      | Reached skill level 4 in Long Blades
   128 | D:1      | Reached XP level 2. HP: 25/26 MP: 1/1
   401 | D:1      | Reached ** piety under Trog
   491 | D:1      | Reached XP level 3. HP: 31/31 MP: 2/2
  1509 | D:2      | Found a faded altar of an unknown god.
  1692 | D:3      | Reached skill level 5 in Long Blades
  1692 | D:3      | Reached XP level 4. HP: 11/39 MP: 3/3
  1784 | D:3      | Reached XP level 5. HP: 36/45 MP: 4/4
  1970 | D:3      | Reached skill level 6 in Long Blades
  2208 | D:4      | Noticed an ogre
  2212 | D:4      | Killed an ogre
  2212 | D:4      | Reached XP level 6. HP: 51/51 MP: 5/5
  2223 | D:4      | Reached *** piety under Trog
  2232 | D:4      | Found a glowing silver altar of Zin.
  2546 | D:4      | Found a shimmering altar of Xom.
  2549 | D:4      | Found a shattered altar of Ashenzari.
  2584 | D:4      | Found a glowing drain.
  2601 | Sewer    | Entered a sewer
  2622 | Sewer    | Noticed Purgy
  2633 | Sewer    | Killed Purgy
  2633 | Sewer    | Reached skill level 7 in Long Blades
  3101 | D:4      | Reached XP level 7. HP: 53/57 MP: 6/6
  3108 | D:4      | Reached skill level 5 in Armour
  3116 | D:4      | Reached **** piety under Trog
  3323 | D:4      | Reached skill level 8 in Long Blades
  3323 | D:4      | Reached skill level 5 in Dodging
  3648 | D:5      | Entered Level 5 of the Dungeon
  3654 | D:5      | Reached XP level 8. HP: 32/64 MP: 7/7
  3657 | D:5      | Reached skill level 9 in Long Blades
  3945 | D:5      | Found a deep blue altar of Sif Muna.
  4131 | D:5      | Found a staircase to the Ecumenical Temple.
  4141 | Temple   | Entered the Ecumenical Temple
  4386 | D:5      | Reached skill level 10 in Long Blades
  4436 | D:5      | Found a hazy altar of Hepliaklqana.
  4555 | D:6      | Found a glowing golden altar of the Shining One.
  4812 | D:6      | Reached ***** piety under Trog
  5010 | D:6      | Found a shimmering altar of Xom.
  5010 | D:6      | Found a shimmering altar of Xom.
  5011 | D:6      | Found a shimmering altar of Xom.
  5013 | D:6      | Found a shimmering altar of Xom.
  5071 | D:6      | Reached XP level 9. HP: 57/70 MP: 8/8
  5097 | D:6      | Found a bloodstained altar of Trog.
  5152 | D:6      | Found a burning altar of Makhleb.
  5273 | D:7      | Noticed Joseph
  5342 | D:7      | Noticed Pikel
  5347 | D:6      | Reached skill level 11 in Long Blades
  5418 | D:6      | Killed Pikel
  5478 | D:7      | Killed Joseph
  5519 | D:7      | Reached skill level 12 in Long Blades
  5644 | D:7      | Found a hide-covered altar of Uskayaw.
  5871 | D:7      | Reached XP level 10. HP: 56/76 MP: 9/9
  5998 | D:8      | Noticed a two-headed ogre
  6006 | D:8      | Killed a two-headed ogre
  6006 | D:8      | Reached skill level 13 in Long Blades
  6485 | D:8      | Found a blossoming altar of Fedhas.
  6563 | D:8      | Received a gift from Trog
  6770 | D:8      | Reached skill level 14 in Long Blades
  6770 | D:8      | Reached skill level 10 in Armour
  6770 | D:8      | Reached XP level 11. HP: 90/90 MP: 10/10
  6888 | D:9      | Found a sacrificial altar of Ru.
  7115 | D:9      | Reached skill level 1 in Stealth
  7188 | D:9      | Reached skill level 1 in Evocations
  7437 | D:9      | Found a white marble altar of Elyvilon.
  7557 | D:9      | Found an opulent altar of Gozag.
  7760 | D:10     | Entered Level 10 of the Dungeon
  7809 | D:10     | Found a staircase to the Lair.
  7816 | D:10     | HP: 4/92 [electric eel/bolt of electricity (8)]
  7816 | D:10     | Killed from afar by an electric eel

Skill      XL: |  1  2  3  4  5  6  7  8  9 10 11 |
---------------+----------------------------------+-----
Long Blades    | 4 5 6 7 8 10 12 14 | 14.6
Armour         | 3 4 6 7 9 10 | 10.6
Dodging        | 3 4 5 6 8 9 |  9.8
Fighting       | 7 |  7.8
Stealth        | 1 |  1.2
Evocations     | 1 |  1.2

Action                   |  1- 3 |  4- 6 |  7- 9 | 10-12 || total
-------------------------+-------+-------+-------+-------++-------
Melee: Falchion          |    68 |   135 |    25 |       ||   228
       Headbutt          |    16 |    24 |    59 |    37 ||   136
       Great sword       |       |       |   169 |   121 ||   290
       Unarmed           |       |       |       |     5 ||     5
Invok: Berserk           |     1 |     1 |     2 |       ||     4
       Trog's Hand       |       |     1 |     4 |       ||     5
  Use: Scroll            |       |    11 |     4 |    10 ||    25
       Potion            |       |     2 |     1 |     1 ||     4
 Stab: Sleeping          |       |       |       |     2 ||     2
       Paralysed         |       |       |       |     1 ||     1
  Eat: Chunk             |     2 |     7 |    13 |     6 ||    28
Armor: Animal skin       |     6 |       |       |       ||     6
       Ring mail         |    16 |       |       |       ||    16
       Scale mail        |       |    44 |       |       ||    44
       Troll leather arm |       |     8 |    37 |    23 ||    68
Dodge: Dodged            |    50 |    89 |   208 |    82 ||   429
       Rpst.: Falchion   |    11 |    14 |     5 |       ||    30
       Great sword       |       |       |    51 |    29 ||    80
